 Dungeon Crawl Stone Soup version 0.31-a0-152-g6aa68a64a1 (webtiles) character file.

Game seed: 2661379790059571004

783 qw the Chopper (level 7, -10/43 HPs)
             Began as a Gargoyle Fighter on June 10, 2023.
             Mangled by an ogre
             ... wielding a +0 giant club
              (17 damage)
             ... on level 4 of the Dungeon.
             The game lasted 00:02:08 (4536 turns).

qw the Chopper (Gargoyle Fighter)                   Turns: 4536, Time: 00:02:08

Health: -10/43     AC:  9    Str: 19    XL:     7   Next: 86%
Magic:  7/7        EV:  9    Int:  9    God:
Gold:   193        SH:  4    Dex:  9    Spells: 6/6 levels left

rFire   . . .        Y - +0 war axe
rCold   . . .        c - +0 buckler
rNeg    + . .        i - +0 chain mail
rPois   inf          (no helmet)
rElec   +            (no cloak)
rCorr   .            (no gloves)
SInv    .            (no boots)
Will    +....        (no amulet) Stlth
                     (no ring)
HPRegen 1.07/turn    (no ring)
MPRegen 0.10/turn

%: no passive effects
@: no status effects
A: sickness immunity, AC +4, negative energy resistance 1, electricity
resistance, torment resistance 1, petrification resistance, deformed body,
strong-willed 1, regeneration 1, weak 1, sturdy frame 1
a: no special abilities


You were on level 4 of the Dungeon.
You visited 1 branch of the dungeon, and saw 4 of its levels.

You collected 193 gold pieces.


Innate Abilities, Weirdness & Mutations

You are immune to sickness and miasma.
Your stone body is resilient. (AC +4)
You are immune to poison.
You resist negative energy. (rN+)
You are resistant to electric shocks. (rElec)
You are resistant to unholy torment.
You are immune to petrification.
Armour fits poorly on your strangely shaped body.
You are strong-willed. (Will+)
Your natural rate of healing is unusually fast.
You are weak. (Str -2)
Your movements are slightly less encumbered by armour. (ER -2)


   Skills:
 - Level 4.0 Fighting
 + Level 6.5 Axes
 - Level 2.3 Throwing
 - Level 3.2 Armour
 - Level 2.5 Dodging
 - Level 3.2 Shields


You had 6 spell levels left.
You didn't know any spells.
Your spell library was empty.

Inventory:

Hand Weapons
 f - a +0 flail
 Y - a +0 war axe (weapon)
Missiles
 a - 4 javelins
 b - 2 boomerangs
Armour
 c - a +0 buckler (worn)
 e - a +0 helmet
 i - a +0 chain mail (worn)
Scrolls
 g - a scroll of enchant armour
 k - 3 scrolls of identify
Potions
 d - a potion of might
 h - a potion of heal wounds {unknown}
 j - a potion of degeneration {unknown}

Dungeon Overview and Level Annotations

Branches:
Dungeon (4/15)
 Temple: D:4-7

Altars:

Annotations:
D:4 2 transporters, qw's ghost, amateur MiHu


Message History

The black bear barely misses you.
You hit the black bear.
The black bear is severely wounded.
You block the black bear's attack. The black bear barely misses you.
You block the black bear's attack.
You hit the black bear.
The black bear is almost dead.
The black bear goes berserk!
You slash the black bear!
You kill the black bear!
You start resting.
HP restored.
You see here a black bear corpse.
The orc shouts!
The jelly quivers.
You now have 193 gold pieces (gained 11).
You open the door.
An ogre comes into view. It is wielding a +0 giant club.
The ogre shouts!
Enter note:
Enter note:
Enter note:
Enter note:
Enter note:
Enter note:
Enter note:
Enter note:
Enter note: You hit the ogre but do no damage.
The ogre hits you with a +0 giant club!!
Ouch! That really hurt!
You slash the ogre!
The ogre is moderately wounded.
The ogre hits you with a +0 giant club!
You hit the ogre.
The ogre is heavily wounded.
You hit the ogre.
The ogre is heavily wounded.
The ogre hits you with a +0 giant club!
You die...

#.# #.# #. ## #.# ###### #. #.
#.# #....# #. #. ##.#####....###.
..#####. ............+ ..
........ ............# #.
#######.
.#.#####....###O##############...
.#.# #....##..@..............#.
.#.# #....##......############.
#.# #....##......# #... #.#
##'####......# #.#. #.# #.#
#......# #.## +#.# #.# #......#
#... ...######.####......# ####
....................# ###########
................###.# #.........#


You could see an ogre.

Vanquished Creatures
  Grinder (D:4)
  A black bear (D:4)
  A scorpion (D:2)
  A jelly (D:4)
  4 orc priests
  Jessica (D:3)
  4 orc wizards
  3 gnolls (D:3)
  8 adders
  A dart slug (D:3)
  10 orcs
  7 endoplasms
  2 giant cockroaches
  3 hobgoblins
  7 jackals
  5 quokkas
  4 ball pythons
  6 bats
  6 frilled lizards
  3 goblins
  5 kobolds
  7 rats
90 creatures vanquished.

Notes
Turn   | Place    | Note
-------+----------+-------------------------------------------
     0 | D:1      | qw the Gargoyle Fighter began the quest for the Orb.
     0 | D:1      | Reached XP level 1. HP: 14/14 MP: 1/1
     0 | D:1      | 0 ||| qw: Version: 0.2-a-29-g67ad517
     0 | D:1      | 0 ||| qw: Game counter: 3934
     0 | D:1      | 0 ||| qw: Always use a shield: true
     0 | D:1      | 0 ||| qw: God list: Okawaru
     0 | D:1      | 0 ||| qw: Allow faded altars: false
     0 | D:1      | 0 ||| qw: Do Orc after D:15 true
     0 | D:1      | 0 ||| qw: Do second Lair branch before Depths: true
     0 | D:1      | 0 ||| qw: Lair rune preference: random
     0 | D:1      | 0 ||| qw: Plans: Normal, Zot:1-4, Slime:5, God:TSO, Crypt,
                  | Tomb, Abyss, Pan, Hells, Win
     0 | D:1      | 0 ||| PLANNING D:1-11
    71 | D:1      | Reached skill level 2 in Axes
   266 | D:1      | Reached XP level 2. HP: 19/19 MP: 2/2
   353 | D:1      | You fall into a shaft and drop 1 floor!
   409 | D:2      | 409 ||| Stepping ~*~*~tactically~*~*~ (stealth).
   412 | D:2      | 412 ||| Stepping ~*~*~tactically~*~*~ (stealth).
   446 | D:2      | Reached skill level 3 in Axes
   494 | D:2      | Reached XP level 3. HP: 23/23 MP: 3/3
   671 | D:2      | 671 ||| UPGRADING to +0 chain mail.
   681 | D:2      | 681 ||| DROPPING +0 scale mail.
   682 | D:2      | 682 ||| READING 2 scrolls labelled GASIRGH DE WEJ.
   687 | D:2      | 687 ||| READING 3 scrolls labelled UBBUSE SIROBU.
   688 | D:2      | 688 ||| READING 2 scrolls of identify.
   688 | D:2      | 688 ||| IDENTIFYING murky pink potion
   689 | D:2      | 689 ||| DROPPING potion of enlightenment.
   690 | D:2      | 690 ||| Stepping randomly (stuck).
   691 | D:2      | 691 ||| Stepping randomly (stuck).
   692 | D:2      | 692 ||| Stepping randomly (stuck).
   693 | D:2      | 693 ||| Stepping randomly (stuck).
   694 | D:2      | 694 ||| Stepping randomly (stuck).
   695 | D:2      | 695 ||| Stepping randomly (stuck).
   696 | D:2      | 696 ||| Stepping randomly (stuck).
   697 | D:2      | 697 ||| Stepping randomly (stuck).
   698 | D:2      | 698 ||| Stepping randomly (stuck).
   699 | D:2      | 699 ||| Stepping randomly (stuck).
   700 | D:2      | 700 ||| Stepping randomly (stuck).
   701 | D:2      | 701 ||| Stepping randomly (stuck).
   702 | D:2      | 702 ||| Stepping randomly (stuck).
   703 | D:2      | 703 ||| Stepping randomly (stuck).
   704 | D:2      | 704 ||| Stepping randomly (stuck).
   705 | D:2      | 705 ||| Stepping randomly (stuck).
   706 | D:2      | 706 ||| Stepping randomly (stuck).
   707 | D:2      | 707 ||| Stepping randomly (stuck).
   708 | D:2      | 708 ||| Stepping randomly (stuck).
   709 | D:2      | 709 ||| Stepping randomly (stuck).
   710 | D:2      | 710 ||| Stepping randomly (stuck).
   711 | D:2      | 711 ||| Stepping randomly (stuck).
   712 | D:2      | 712 ||| Stepping randomly (stuck).
   713 | D:2      | 713 ||| Stepping randomly (stuck).
   714 | D:2      | 714 ||| Stepping randomly (stuck).
   715 | D:2      | 715 ||| Stepping randomly (stuck).
   716 | D:2      | 716 ||| Stepping randomly (stuck).
   717 | D:2      | 717 ||| Stepping randomly (stuck).
   718 | D:2      | 718 ||| Stepping randomly (stuck).
   725 | D:2      | 725 ||| Stepping randomly (stuck).
   726 | D:2      | 726 ||| Stepping randomly (stuck).
   727 | D:2      | 727 ||| Stepping randomly (stuck).
   728 | D:2      | 728 ||| Stepping randomly (stuck).
   729 | D:2      | 729 ||| Stepping randomly (stuck).
   730 | D:2      | 730 ||| Stepping randomly (stuck).
   731 | D:2      | 731 ||| Stepping randomly (stuck).
   732 | D:2      | 732 ||| Stepping randomly (stuck).
   747 | D:2      | 747 ||| Stepping randomly (stuck).
   748 | D:2      | 748 ||| Stepping randomly (stuck).
   749 | D:2      | 749 ||| Stepping randomly (stuck).
   750 | D:2      | 750 ||| Stepping randomly (stuck).
   751 | D:2      | 751 ||| Stepping randomly (stuck).
   752 | D:2      | 752 ||| Stepping randomly (stuck).
   753 | D:2      | 753 ||| Stepping randomly (stuck).
   754 | D:2      | 754 ||| Stepping randomly (stuck).
   755 | D:2      | 755 ||| Stepping randomly (stuck).
   756 | D:2      | 756 ||| Stepping randomly (stuck).
   757 | D:2      | 757 ||| Stepping randomly (stuck).
   758 | D:2      | 758 ||| Stepping randomly (stuck).
   759 | D:2      | 759 ||| Stepping randomly (stuck).
   760 | D:2      | 760 ||| Stepping randomly (stuck).
   761 | D:2      | 761 ||| READING scroll of teleportation.
   786 | D:2      | 786 ||| READING scroll labelled UCOACOEWON.
  1464 | D:1      | 1464 ||| READING scroll labelled VUTUUSHR MOEDD.
  1680 | D:2      | 1680 ||| DROPPING +0 whip.
  1730 | D:2      | 1730 ||| Stepping ~*~*~tactically~*~*~ (stealth).
  1865 | D:2      | Noticed a scorpion
  1882 | D:2      | Killed a scorpion
  1883 | D:2      | Reached XP level 4. HP: 12/28 MP: 4/4
  1883 | D:2      | Reached XP level 5. HP: 14/32 MP: 5/5
  2379 | D:3      | Reached skill level 4 in Axes
  2504 | D:3      | 2504 ||| Stepping ~*~*~tactically~*~*~ (hiding).
  2675 | D:3      | 2675 ||| Stepping ~*~*~tactically~*~*~ (stealth).
  2680 | D:3      | 2680 ||| Stepping ~*~*~tactically~*~*~ (stealth).
  2692 | D:3      | Reached XP level 6. HP: 29/37 MP: 6/6
  2738 | D:3      | 2738 ||| DROPPING +0 mace.
  2759 | D:3      | 2759 ||| Stepping ~*~*~tactically~*~*~ (stealth).
  2761 | D:3      | 2761 ||| Stepping ~*~*~tactically~*~*~ (hiding).
  2764 | D:3      | 2764 ||| Stepping ~*~*~tactically~*~*~ (hiding).
  3041 | D:3      | Noticed Jessica
  3042 | D:3      | 3042 ||| Stepping ~*~*~tactically~*~*~ (hiding).
  3044 | D:3      | 3044 ||| Stepping ~*~*~tactically~*~*~ (hiding).
  3053 | D:3      | Killed Jessica
  3054 | D:3      | Reached skill level 5 in Axes
  3190 | D:3      | 3190 ||| Stepping ~*~*~tactically~*~*~ (hiding).
  3191 | D:3      | 3191 ||| Stepping ~*~*~tactically~*~*~ (hiding).
  3194 | D:3      | 3194 ||| Stepping ~*~*~tactically~*~*~ (hiding).
  3398 | D:3      | 3398 ||| DRINKING 2 pink potions.
  3398 | D:3      | Gained mutation: Your body sometimes deteriorates upon
                  | taking damage. [potion of mutation]
  3398 | D:3      | Gained mutation: Your spells are a little easier to cast,
                  | but a little less powerful. [potion of mutation]
  3398 | D:3      | Gained mutation: You occasionally lose the ability to read
                  | scrolls when taking damage. [potion of mutation]
  3399 | D:3      | 3399 ||| DRINKING potion of mutation.
  3399 | D:3      | Lost mutation: Your spells are a little easier to cast, but
                  | a little less powerful. [potion of mutation]
  3399 | D:3      | Lost mutation: Your body sometimes deteriorates upon taking
                  | damage. [potion of mutation]
  3399 | D:3      | Gained mutation: You are weak. (Str -2) [potion of
                  | mutation]
  3399 | D:3      | Gained mutation: Armour fits poorly on your strangely
                  | shaped body. [potion of mutation]
  3399 | D:3      | Gained mutation: You are partially covered in iridescent
                  | scales. (AC +2) [potion of mutation]
  3400 | D:3      | 3400 ||| DRINKING 2 fizzy grey potions.
  3408 | D:3      | 3408 ||| READING 2 scrolls of identify.
  3408 | D:3      | 3408 ||| IDENTIFYING metallic blue potion
  3409 | D:3      | 3409 ||| DROPPING potion of invisibility.
  3410 | D:3      | 3410 ||| DROPPING potion of ambrosia.
  3690 | D:4      | Noticed qw's ghost (amateur MiHu)
  3694 | D:4      | Found a transporter.
  3752 | D:4      | 3752 ||| Stepping ~*~*~tactically~*~*~ (stealth).
  3756 | D:4      | 3756 ||| Stepping ~*~*~tactically~*~*~ (stealth).
  3880 | D:4      | Found a transporter.
  3903 | D:4      | Reached XP level 7. HP: 23/43 MP: 7/7
  4050 | D:4      | Reached skill level 6 in Axes
  4190 | D:4      | Noticed Grinder
  4197 | D:4      | Paralysed by Grinder for 2 turns
  4202 | D:4      | Killed Grinder
  4270 | D:4      | 4270 ||| DRINKING potion of mutation.
  4270 | D:4      | Lost mutation: You occasionally lose the ability to read
                  | scrolls when taking damage. [potion of mutation]
  4270 | D:4      | Lost mutation: You are partially covered in iridescent
                  | scales. (AC +2) [potion of mutation]
  4270 | D:4      | Gained mutation: Your movements are slightly less
                  | encumbered by armour. (ER -2) [potion of mutation]
  4270 | D:4      | Gained mutation: You are strong-willed. (Will+) [potion of
                  | mutation]
  4270 | D:4      | Gained mutation: Your natural rate of healing is unusually
                  | fast. [potion of mutation]
  4534 | D:4      | HP: 4/43 [ogre/+0 giant club (16)]
  4536 | D:4      | Mangled by an ogre

Levels and vault maps discovered:
D:1:      sevenhm_arrival_forest_fort_small_6, layout_basic,
          nicolae_hexahallways
D:2:      cheibrodos_old_hovel, layout_loops_corners
D:3:      layout_basic, minivault_4, uniq_jessica
D:4:      layout_basic, gammafunk_ghost_arena, uniq_grinder

Skill      XL: |  1  2  3  4  5  6  7 |
---------------+----------------------+-----
Axes           | 2 3 4 5 6 |  6.5
Throwing       | 2 |  2.3
Fighting       | 4 |  4.0
Dodging        | 2 |  2.5
Armour         | |  3.2
Shields        | |  3.2

Action                     |  1- 3 |  4- 6 |  7- 9 || total
---------------------------+-------+-------+-------++-------
  Melee: War axe           |    99 |   143 |    78 ||   320
    Use: Scroll            |     6 |     1 |       ||     7
         Potion            |       |     3 |     1 ||     4
 Armour: Scale mail        |    30 |       |       ||    30
         Chain mail        |    22 |    85 |    47 ||   154
  Dodge: Dodged            |    38 |    46 |    29 ||   113
  Block: Buckler           |    15 |    24 |    19 ||    58

Table legend:
 A = Non-vault XP
 B = Vault XP
 C = Vault XP percentage of total XP
 D = Non-vault monster count
 E = Vault monster count
 F = Vault count percentage of total count
                 A         B        C        D         E       F
            +---------+---------+-------+---------+---------+-------
      Total |     818 |     301 |  26.9 |      87 |       3 |   3.3
            +---------+---------+-------+---------+---------+-------
        D:1 |      17 |       0 |   0.0 |      13 |       0 |   0.0
        D:2 |     147 |       2 |   1.3 |      18 |       1 |   5.3
        D:3 |     163 |      37 |  18.5 |      24 |       1 |   4.0
        D:4 |     491 |     262 |  34.8 |      32 |       1 |   3.0
            +---------+---------+-------+---------+---------+-------
